AoeStats
← Vikariepoolen

Nomad

507925941Analyzed
2v2 RM · 10d ago on Sep 20, 2026· 25m 5s· 4 players
Game mode
Random Map
Map size
176×176
Population
200
Speed
Normal
Resources
Standard
Victory
Conquest
Starting age
Dark Age
Ending age
Imperial Age
RankedLock teamsTeams togetherTeam positionsShared explorationLock speedFull tech treeHidden civsTurbo modeCheats
Victory
Defeat
🇸🇪 Byzantines · Sweden
1520
+15
🇸🇪 Shu · Sweden
1520
+15
🇨🇳 Britons · China
1518
-15
🇺🇸 Khitans · United States
1499
-15
王德发
3:39 Loom
4:27 Loom
12:59 Feudal Age
TaNa
4:34 Loom
13:26 Feudal Age
14:18 Double-Bit Axe
15:01 Town Watch
17:06 Forging
19:45 Wheelbarrow
18:59 Fishing Lines
23:18 Castle Age
21:50 Gold Mining
Vikariepoolen
6:37 Loom
14:25 Feudal Age
21:27 Castle Age
21:53 Double-Bit Axe
25:04 Fletching
BossEvenG
7:26 Loom
12:25 Feudal Age
13:29 Double-Bit Axe
19:21 Castle Age
18:16 Forging
18:21 Horse Collar
20:54 Bow Saw
Connection lost

Rejoining the realm…

Still unreachable

The connection could not be restored.

Session expired

The server has moved on; the page needs a fresh start.